 Dungeon Crawl Stone Soup version 0.22-a0-422-g9628fc8 (webtiles) character file.

93 Borgoz the Covered (level 4, -2/29 HPs)
             Began as a Gargoyle Fighter on May 17, 2018.
             Slain by a gnoll
             ... wielding a +0 halberd
              (11 damage)
             ... on level 3 of the Dungeon.
             The game lasted 00:02:42 (1588 turns).

Borgoz the Covered (Gargoyle Fighter)               Turns: 1588, Time: 00:02:43

Health: -2/29      AC: 10    Str: 14    XL:     4   Next: 62%
Magic:  4/4        EV:  7    Int:  8    God:
Gold:   122        SH:  8    Dex: 10    Spells: 3/3 levels left

rFire    . . .     SeeInvis .   h - +0 whip (drain)
rCold    . . .     Gourm    .   c - +0 shield
rNeg     + . .     Faith    .   b - +0 scale mail
rPois    ∞         Spirit   .   (no helmet)
rElec    +         Reflect  .   (no cloak)
rCorr    .         Harm     .   (no gloves)
MR       .....                  (no boots)
Stlth    ..........             (no amulet)
HPRegen  0.09/turn              k - -6 ring of strength (curse)
MPRegen  0.09/turn              (no ring)

@: no status effects
A: negative energy resistance 1, electricity resistance, unbreathing,
petrification resistance, rot immunity, AC +3
a: no special abilities


You were on level 3 of the Dungeon.
You were hungry.

You visited 1 branch of the dungeon, and saw 3 of its levels.

You collected 122 gold pieces.

Inventory:

Hand Weapons
 h - a +0 whip of draining (weapon)
Armour
 b - a +0 scale mail (worn)
 c - a +0 shield (worn)
Jewellery
 k - a cursed -6 ring of strength (left hand)
Scrolls
 e - 2 scrolls of identify
 g - a scroll of amnesia
 l - a scroll of blinking
Potions
 a - a potion of curing {unknown}
 d - a potion of might
 j - a potion of flight
Comestibles
 f - 2 rations
 i - 4 chunks of flesh


   Skills:
 + Level 3.8 Fighting
 + Level 2.7 Maces & Flails
 + Level 3.9 Armour
 + Level 1.3 Dodging
 + Level 3.9 Shields


You had 3 spell levels left.
You didn't know any spells.
Your spell library was empty.

Dungeon Overview and Level Annotations

Branches:
Dungeon (3/15)

Altars:
The Shining One

Annotations:
D:3 Robin


Innate Abilities, Weirdness & Mutations

You are resistant to torment.
Your stone body is resilient. (AC +3)
You are immune to poison.
You resist negative energy. (rN+)
You are resistant to electric shocks. (rElec)
You can survive without breathing.
You are immune to petrification.
You are immune to rotting.


Message History

Robin hits you but does no damage. The goblin hits you.
The gnoll hits you from afar with a halberd!
You block the gnoll's attack.
You are too injured to fight recklessly!
You closely miss the goblin.
An adder comes into view.
Robin hits you but does no damage. The goblin hits you but does no damage.
A gnoll comes into view. It is wielding a club.
The gnoll hits you but does no damage. The gnoll barely misses you.
You barely miss the goblin. Robin hits you but does no damage.
The goblin hits you but does no damage. The gnoll barely misses you.
You hit the goblin.
You kill the goblin!
The gnoll hits you from afar with a halberd.
Robin hits you but does no damage. The adder bites you but does no damage.
The gnoll hits you but does no damage.
You hit the adder.
The adder is lightly wounded.
The gnoll hits you from afar with a halberd!
You die...

#.. #.# #.# #.# ### #.#
.. . #.# .## ###.##.
(######.###.#.###S......
.......)...†##.#@#
#######)######rg##
#.######gg# #......(.g#
######.........
#.#.###... #.#.# ..#
#.... .# #..... #


You could see Robin, 3 gnolls, an adder and a rat.

Vanquished Creatures
  A gnoll (D:3)
  An adder (D:2)
  3 worms (D:2)
  2 dart slugs (D:1)
  2 leopard geckos
  An orc (D:3)
  10 goblins
  8 hobgoblins
  2 jackals (D:3)
  A quokka (D:2)
  2 ball pythons
  8 bats
  A frilled lizard (D:1)
  5 kobolds
  14 rats
61 creatures vanquished.

Notes
Turn   | Place    | Note
-------+----------+-------------------------------------------
     0 | D:1      | Borgoz the Gargoyle Fighter began the quest for the Orb.
     0 | D:1      | Reached XP level 1. HP: 14/14 MP: 1/1
   164 | D:1      | Reached XP level 2. HP: 19/19 MP: 2/2
   745 | D:2      | Reached XP level 3. HP: 22/23 MP: 3/3
  1007 | D:2      | Reached skill level 1 in Dodging
  1089 | D:2      | Reached XP level 4. HP: 26/29 MP: 4/4
  1248 | D:2      | Found a glowing golden altar of the Shining One.
  1563 | D:3      | Noticed Robin
  1588 | D:3      | Slain by a gnoll

Vault maps used:
D:1:      lightli_arrival_windingriver
D:2:      tso_oasis_becter, minmay_rat_gold_closets
D:3:      first_ration, uniq_ijyb, uniq_robin

Skill      XL: |  1  2  3 |
---------------+----------+-----
Dodging        | 1 |  1.3
Fighting       | |  3.8
Maces & Flails | |  2.7
Armour         | |  3.9
Shields        | |  3.9

Action                   |  1- 3 |  4- 6 || total
-------------------------+-------+-------++-------
Melee: Flail             |    77 |       ||    77
       Whip              |    82 |   101 ||   183
  Use: Scroll            |       |     4 ||     4
  Eat: Chunk             |     1 |     1 ||     2
Armor: Scale mail        |    75 |    79 ||   154
Dodge: Dodged            |    44 |    48 ||    92
Block: Shield            |    87 |    58 ||   145

Table legend:
 A = Spawn XP
 B = Non-spawn XP
 C = Spawn XP percentage of total XP
 D = Spawn monster count
 E = Non-spawn monster count
 F = Spawn count percentage of total count
 G = Total turns spent on level
                    A         B        C        D         E        F      G
               +---------+---------+-------+---------+---------+-------+---------
         Total |       0 |     134 |   0.0 |       0 |      61 |   0.0 |  1588
               +---------+---------+-------+---------+---------+-------+---------
           D:1 |       0 |      27 |   0.0 |       0 |      15 |   0.0 |   710
           D:2 |       0 |      68 |   0.0 |       0 |      32 |   0.0 |   787
           D:3 |       0 |      39 |   0.0 |       0 |      14 |   0.0 |    91
               +---------+---------+-------+---------+---------+-------+---------
